 Dungeon Crawl Stone Soup version 0.31.0-11-ge490571c62 (webtiles) character file.

Game seed: 9665204595999786086

33 qw the Shooter (level 3, -1/20 HPs)
             Began as a Deep Elf Hunter on Feb 4, 2024.
             Slain by Natasha (3 damage)
             ... on level 2 of the Dungeon.
             The game lasted 00:00:02 (972 turns).

qw the Shooter (Deep Elf Hunter)                     Turns: 972, Time: 00:00:02

Health: -1/20      AC:  5    Str: 10    XL:     3   Next: 12%
Magic:  5/5        EV: 11    Int: 13    God:
Gold:   47         SH:  0    Dex: 18    Spells: 2/2 levels left

rFire   . . .        a - +0 shortbow
rCold   . . .        (shield currently unavailable)
rNeg    . . .        d - +0 ring mail
rPois   .            (no helmet)
rElec   .            (no cloak)
rCorr   .            (no gloves)
SInv    .            (no boots)
Will    .....        h - amulet of faith
Stlth   +            (no ring)
HPRegen 0.23/turn    (no ring)
MPRegen 0.09/turn

%: faith
@: slowed, very slow
A: no striking features
a: no special abilities


You were on level 2 of the Dungeon.
You visited 1 branch of the dungeon, and saw 2 of its levels.

You collected 47 gold pieces.


   Skills:
 - Level 1.5 Fighting
 + Level 6.7 Ranged Weapons
 - Level 2.4 Dodging
 - Level 1.2 Stealth


You had 2 spell levels left.
You didn't know any spells.
Your spell library was empty.

Inventory:

Hand Weapons
 a - a +0 shortbow (weapon)
Armour
 d - a +0 ring mail (worn)
Jewellery
 g - an amulet of regeneration
 h - an amulet of faith (around neck)
Potions
 e - a potion of mutation {unknown}

Dungeon Overview and Level Annotations

Branches:
Dungeon (2/15)

Altars:

Annotations:
D:2 Natasha


Message History

You shoot an arrow. The arrow barely misses Natasha.
You shoot an arrow. The arrow closely misses Natasha.
Natasha closely misses you. Natasha claws you.
You shoot an arrow.
The arrow hits Natasha but does no damage.
Natasha is moderately wounded.
Natasha extends her claws.
Natasha closely misses you.
You shoot an arrow.
The arrow hits Natasha but does no damage.
Natasha is moderately wounded.
Natasha barely misses you.
You shoot an arrow. The arrow closely misses Natasha.
Natasha closely misses you.
You shoot an arrow. The arrow hits Natasha!
Natasha is severely wounded.
Natasha claws you!
You shoot an arrow. The arrow closely misses Natasha.
Natasha claws you.
Natasha mumbles some strange words.
You shoot an arrow. The arrow barely misses Natasha.
Natasha barely misses you.
The cerulean imp hits you with a +2 spear.
You shoot an arrow. The arrow hits Natasha.
Natasha is almost dead.
Natasha casts a spell at you.
You feel yourself slow down. The cerulean imp barely misses you.
You shoot an arrow. The arrow closely misses Natasha.
Natasha casts a spell at you.
You feel as though you will be slow longer.
The cerulean imp hits you with a +2 spear.
Natasha claws you but does no damage.
The cerulean imp hits you but does no damage.
You shoot an arrow. The arrow barely misses Natasha.
Natasha casts a spell at you. You resist with some effort.
The cerulean imp hits you with a +2 spear.
Natasha claws you.
You die...
Natasha curls up and begins to purr.

#.....%....#####
##+###<........#
#####%###.# .
#.....###.# ..
#.##..#...# ..#
#..#.#### ..
#..#....#
##.##..####.#
#..h@5...##.#
#..#####.##.#
.... #.##.# ###.
#....# # ######


You could see Natasha and a cerulean imp (summoned).

Vanquished Creatures
  An adder (D:2)
  A dart slug (D:1)
  2 ball pythons
  4 bats
  3 goblins (D:1)
  3 jackals (D:1)
  3 quokkas
  3 frilled lizards (D:1)
  A kobold (D:1)
  2 rats (D:1)
23 creatures vanquished.

Notes
Turn   | Place    | Note
-------+----------+-------------------------------------------
     0 | D:1      | qw the Deep Elf Hunter began the quest for the Orb.
     0 | D:1      | Reached XP level 1. HP: 12/12 MP: 3/3
     0 | D:1      | 0 ||| qw: Version: 0.3-a-160-g6735b56
     0 | D:1      | 0 ||| qw: Game counter: 4565
     0 | D:1      | 0 ||| qw: Melee chars always use a shield: true
     0 | D:1      | 0 ||| qw: God list: Okawaru
     0 | D:1      | 0 ||| qw: Allow faded altars: false
     0 | D:1      | 0 ||| qw: Do Orc after clearing Dungeon:15 true
     0 | D:1      | 0 ||| qw: Do second Lair branch before Depths: true
     0 | D:1      | 0 ||| qw: Lair rune preference: random
     0 | D:1      | 0 ||| qw: Goals: Normal
     0 | D:1      | 0 ||| PLANNING D:1-11
   146 | D:1      | Reached skill level 6 in Ranged Weapons
   146 | D:1      | Reached XP level 2. HP: 16/16 MP: 4/4
   849 | D:1      | 849 ||| UPGRADING to +0 ring mail.
   859 | D:1      | 859 ||| DROPPING +0 leather armour.
   860 | D:1      | 860 ||| UPGRADING to amulet of regeneration.
   865 | D:1      | 865 ||| UPGRADING to amulet of faith.
   875 | D:1      | 875 ||| READING scroll labelled ETAIXK PESTRI.
   876 | D:1      | 876 ||| DROPPING scroll of butterflies.
   925 | D:2      | Reached XP level 3. HP: 20/20 MP: 5/5
   958 | D:2      | Noticed Natasha
   969 | D:2      | HP: 5/20 [cerulean imp/+2 spear[Natasha] (3)]
   972 | D:2      | HP: 2/20 [cerulean imp/+2 spear[Natasha] (2)]
   972 | D:2      | Slain by Natasha

Levels and vault maps discovered:
D:1:      psy_arrival_radial02, layout_loops_ring
D:2:      layout_basic, basic_altar, uniq_natasha

Skill      XL: |  1 |
---------------+----+-----
Ranged Weapons | 6 |  6.7
Fighting       | |  1.5
Dodging        | |  2.4
Stealth        | |  1.2

Action                     || total
---------------------------++-------
   Fire: Shortbow          ||    74
    Use: Scroll            ||     1
 Armour: Leather armour    ||     9
         Ring mail         ||     9
  Dodge: Dodged            ||    20

Table legend:
 A = Non-vault XP
 B = Vault XP
 C = Vault XP percentage of total XP
 D = Non-vault monster count
 E = Vault monster count
 F = Vault count percentage of total count
                 A         B        C        D         E       F
            +---------+---------+-------+---------+---------+-------
      Total |      48 |       0 |   0.0 |      23 |       0 |   0.0
            +---------+---------+-------+---------+---------+-------
        D:1 |      29 |       0 |   0.0 |      18 |       0 |   0.0
        D:2 |      19 |       0 |   0.0 |       5 |       0 |   0.0
            +---------+---------+-------+---------+---------+-------
